 Dungeon Crawl Stone Soup version 0.21-a0-88-g13b9641 (webtiles) character file.

77 Ordine the Slasher (level 4, -5/31 HPs)
             Began as an Octopode Fighter on June 26, 2017.
             Was an Initiate of Gozag.
             Slain by Ordine's ghost (12 damage)
             ... on level 3 of the Dungeon.
             The game lasted 00:04:22 (1340 turns).

Ordine the Slasher (Octopode Fighter)               Turns: 1340, Time: 00:04:22

Health: -5/31      AC:  1    Str: 15    XL:     4   Next: 33%
Magic:  4/4        EV: 11    Int: 10    God:    Gozag
Gold:   103        SH:  8    Dex: 12    Spells: 3/3 levels left

rFire    . . .     SeeInvis .   a - +0 long sword
rCold    . . .     Gourm    .   b - +0 shield
rNeg     . . .     Faith    .   (helmet restricted)
rPois    .         Spirit   .   (no amulet)
rElec    .         Reflect  .   (no ring)
rCorr    .         Harm     .   (no ring)
MR       .....                  (no ring)
Stlth    ++........             (no ring)
HPRegen  0.10/turn              (no ring)
MPRegen  0.09/turn              (no ring)
                                (no ring)
                                (no ring)

@: berserk cooldown, slowed, very slow
A: almost no armour, stealthy swim, amphibious, 8 rings, constrict 8, camouflage
1, gelatinous body 1
a: Potion Petition, Call Merchant, Bribe Branch, Renounce Religion


You were on level 3 of the Dungeon.
You worshipped Gozag.
Gozag was aware of your devotion.
You were hungry.

You visited 1 branch of the dungeon, and saw 3 of its levels.

You collected 120 gold pieces.
You paid 17 gold pieces to Gozag.

Inventory:

Hand Weapons
 a - a +0 long sword (weapon)
Armour
 b - a +0 shield (worn)
Potions
 c - 2 potions of might
 g - a potion of magic {unknown}
 i - a potion of mutation {unknown}
Books
 h - a book of Cantrips

   Spells                             Type                      Level
   a - Confusing Touch                Hexes                        1
   b - Animate Skeleton               Necromancy                   1
   c - Summon Small Mammal            Summoning                    1
   d - Apportation                    Translocation                1
Comestibles
 d - 2 bread rations
 j - a fruit
 k - a royal jelly


   Skills:
 + Level 3.5 Fighting
 * Level 4.0 Long Blades
 - Level 3.0 Dodging
 - Level 3.0 Shields


You had 3 spell levels left.
You didn't know any spells.

Dungeon Overview and Level Annotations

Branches:
Dungeon (3/15)

Altars:
Gozag

Annotations:
D:3 Ordine's ghost, amateur OpFi


Innate Abilities, Weirdness & Mutations

You cannot wear most types of armour.
You are very stealthy in the water. (Stealth+)
You are amphibious.
You can wear up to eight rings at the same time.
You can use your tentacles to constrict eight enemies at once.
Your skin changes colour to match your surroundings (Stealth+).
Your rubbery body absorbs attacks. (AC +1, EV +1)


Message History

Ordine's ghost hits you.
You closely miss Ordine's ghost.
Ordine's ghost is lightly damaged.
Ordine's ghost hits you but does no damage.
You barely miss Ordine's ghost.
Ordine's ghost is lightly damaged.
You block Ordine's ghost's attack.
You are feeling hungry.
You barely miss Ordine's ghost.
Ordine's ghost is lightly damaged.
You block Ordine's ghost's attack.
You slice Ordine's ghost!! You squeeze Ordine's ghost!
Ordine's ghost is severely damaged.
You are no longer berserk.
You are exhausted.
You feel yourself slow down. Ordine's ghost hits you!
* * * LOW HITPOINT WARNING * * *
Ordine's ghost hits you!
You die...
Your body crumbles into a pile of gold.

#.............
#.........### # #.........#
.### . #########.# ...#.#
#(### #......
##(..########r......
#(......#...oo..=...
#.......#W##oo......
#........@#..##.....
########..............#....
......##........<.###......
...............#### ##...
......##.......# ..
.....<########## # ......#
......# #######


You could see Ordine's ghost.

Vanquished Creatures
  2 adders (D:2)
  A worm (D:2)
  3 leopard geckos
  2 bats (D:1)
  3 giant cockroaches (D:1)
  7 goblins
  7 hobgoblins
  3 jackals (D:1)
  3 quokkas (D:2)
  A ball python (D:2)
  A frilled lizard (D:1)
  6 kobolds
  7 rats
46 creatures vanquished.

Notes
Turn   | Place    | Note
-------+----------+-------------------------------------------
     0 | D:1      | Ordine the Octopode Fighter began the quest for the Orb.
     0 | D:1      | Reached XP level 1. HP: 16/16 MP: 1/1
   145 | D:1      | Reached XP level 2. HP: 21/21 MP: 2/2
   231 | D:1      | Reached skill level 3 in Long Blades
   300 | D:1      | Reached XP level 3. HP: 25/26 MP: 3/3
  1009 | D:2      | Reached XP level 4. HP: 31/31 MP: 4/4
  1102 | D:2      | Reached skill level 4 in Long Blades
  1107 | D:2      | Found an opulent altar of Gozag.
  1121 | D:2      | Became a worshipper of Gozag Ym Sagoz the Greedy
  1314 | D:3      | Noticed Ordine's ghost (amateur OpFi)
  1340 | D:3      | Slain by Ordine's ghost

Vault maps used:
D:1:      dpeg_arrival_stone_temple_mockup, wad_floor_pattern_untrapped,
          minmay_misc_feat_four_crosses
D:2:      overflow_temple_1_default
D:3:      minmay_wonky_spiral, kennysheep_orc_chapel

Skill      XL: |  1  2  3  4 |
---------------+-------------+-----
Long Blades    | 3 4 |  4.0
Fighting       | |  3.5
Dodging        | |  3.0
Shields        | |  3.0

Action                   |  1- 3 |  4- 6 || total
-------------------------+-------+-------++-------
Melee: Long sword        |    66 |    29 ||    95
       Constrict         |    18 |     5 ||    23
       Tentacles         |    15 |     3 ||    18
  Use: Scroll            |     4 |       ||     4
       Potion            |       |     1 ||     1
 Stab: Sleeping          |     5 |       ||     5
       Distracted        |     1 |       ||     1
  Eat: Chunk             |       |     1 ||     1
Armor: Skin              |     5 |     1 ||     6
Dodge: Dodged            |    28 |     9 ||    37
Block: Shield            |    22 |     9 ||    31
       Rpst.: Long sword |    10 |     2 ||    12
